Map: Catalyst LE

Players

Barcode - Winner!

  • Race: Protoss Protoss
  • League: Platinum
  • Spawn Location: 5:00

Cholera

  • Race: Zerg Zerg
  • League: Platinum
  • Spawn Location: 11:00

VOD

Have the link to the VOD?

Description

Time

  • Played on: April 14, 2018, 7:41 p.m.
  • Length: 14:14
Show
View Real Time Build Order
Export as new Build Order

Barcode Protoss - Winner!

Build Orders: Double Forge 

Get SALT Encoding   

  12  0:00  Probe  
  13  0:13  Probe  
  14  0:20  Pylon  
  14  0:25  Probe  
  15  0:38  Probe  
  15  0:39  Gateway  
  16  0:50  Assimilator, Probe (Chrono Boost)  
  17  1:01  Probe (Chrono Boost)  
  18  1:06  Probe (Chrono Boost)  
  19  1:13  Gateway  
  19  1:17  Probe  
  20  1:21  Pylon  
  20  1:33  Probe  
  20  1:35  Zealot  
  23  1:41  Assimilator  
  23  1:47  Probe  
  23  1:48  Cybernetics Core  
  24  2:00  Probe  
  25  2:12  Probe  
  26  2:24  Warp Gate, Probe  
  26  2:28  Stalker x2  
  31  2:44  Pylon  
  31  2:53  Nexus  
  31  3:00  Probe  
  31  3:12  Probe  
  32  3:24  Probe  
  33  3:27  Twilight Council  
  33  3:36  Probe  
  34  3:55  Assimilator x2, Forge, Shield Battery  
  34  3:58  Shield Battery  
  30  4:15  Forge  
  27  4:34  Adept x2  
  27  4:35  Charge (Chrono Boost)  
  30  4:56  Gateway  
  30  4:57  Gateway  
  30  4:59  Gateway  
  27  5:24  Pylon  
  27  5:34  Robotics Facility  
  27  5:44  Protoss Ground Weapons Level 1 (Chrono Boost)  
  27  5:55  Probe  
  28  6:07  Probe  
  29  6:20  Nexus  
  29  6:25  Probe  
  30  6:29  Zealot x3  
  30  6:30  Zealot  
  38  6:45  Pylon  
  38  6:59  Pylon  
  38  7:03  Warp Prism  
  40  7:08  Adept  
  40  7:09  Adept  
  40  7:10  Adept  
  46  7:21  Gateway  
  46  7:33  Pylon  
  46  7:37  Probe  
  46  7:40  Probe  
  48  7:49  Probe  
  49  8:12  Photon Cannon  
  49  8:13  Shield Battery  
  49  8:18  Gateway  
  49  8:20  Gateway  
  49  8:22  Gateway  
  49  8:26  Gateway  
  49  8:32  Gateway  
  49  8:48  Zealot x4  
  51  8:49  Zealot  
  45  9:10  Zealot x5  
  27  9:24  Warp Prism  
  27  9:26  Zealot x2  
  27  9:27  Zealot  
  35  9:38  Zealot  
  35  9:39  Zealot x2  
  41  9:50  Zealot  
  41  9:51  Zealot x2  
  47  10:35  Zealot x6  
  55  10:36  Zealot x4  
  49  11:02  Zealot x2  
  49  11:03  Zealot x5  
  43  11:18  Zealot x2  
  43  11:19  Zealot  
  43  11:35  Dark Shrine  
  35  11:44  Zealot x3  
  35  11:46  Zealot  
  37  11:50  Zealot  
  39  11:57  Zealot  
  39  11:58  Zealot x2  
  45  12:03  Zealot  
  47  12:16  Sentry x3  
  53  12:27  Zealot  
  53  12:28  Zealot x4  
  42  12:53  Zealot  
  42  12:54  Zealot  
  42  13:03  Dark Templar  
Show
View Real Time Build Order
Export as new Build Order

Cholera Zerg 

Build Orders: Pool First 

Get SALT Encoding   

  12  0:01  Drone  
  13  0:08  Drone  
  14  0:16  Overlord  
  14  0:34  Spawning Pool  
  13  0:37  Drone  
  13  0:41  Extractor  
  13  0:44  Drone  
  13  0:48  Drone  
  15  0:52  Drone  
  16  1:00  Drone  
  17  1:24  Hatchery  
  16  1:29  Drone  
  16  1:30  Drone  
  18  1:41  Queen  
  18  1:45  Drone  
  21  1:54  Overlord  
  21  2:07  Metabolic Boost  
  21  2:15  Zergling x6  
  24  2:39  Queen  
  24  2:40  Drone  
  24  2:42  Drone  
  24  2:43  Drone  
  29  2:44  Queen  
  31  2:57  Overlord  
  31  2:59  Zergling x6  
  34  3:08  Zergling x4  
  36  3:13  Overlord  
  36  3:32  Drone  
  36  3:33  Drone x5  
  42  3:43  Lair  
  41  4:43  Zergling x6  
  43  4:47  Overlord x3  
  37  5:26  Zergling x12  
  43  5:41  Drone x2  
  45  5:44  Hydralisk Den  
  44  5:54  Extractor  
  43  5:57  Zergling x2  
  43  5:58  Zergling x14  
  43  6:03  Overlord  
  51  6:13  Drone  
  51  6:14  Drone  
  51  6:16  Drone  
  51  6:17  Hatchery  
  53  6:39  Muscular Augments  
  53  6:41  Drone  
  53  6:42  Drone x5  
  50  7:25  Hydralisk x7  
  50  7:26  Hydralisk x4  
  50  7:29  Queen  
  74  7:30  Drone  
  74  7:31  Overlord  
  75  7:40  Drone  
  75  7:42  Evolution Chamber  
  75  7:44  Drone, Evolution Chamber  
  75  8:11  Zerg Ground Armor Level 1, Zerg Missile Weapons Level 1  
  75  8:13  Drone  
  76  8:21  Extractor  
  76  8:26  Drone x2  
  77  8:27  Drone, Extractor  
  77  8:28  Drone x2  
  77  8:33  Overlord x3  
  77  8:34  Overlord x6  
  79  8:35  Overlord  
  79  8:39  Grooved Spines  
  70  9:00  Hydralisk x7  
  76  9:03  Zergling x2  
  76  9:04  Zergling x16  
  76  9:07  Queen  
  71  9:32  Drone x2  
  71  9:35  Drone  
  71  9:36  Drone x3  
  71  9:38  Drone x3  
  80  9:47  Drone  
  80  9:48  Drone x2  
  80  9:51  Drone  
  84  9:53  Drone x3  
  87  10:03  Drone x4  
  91  10:07  Drone x2  
  91  10:10  Drone  
  94  10:22  Drone x3  
  94  10:23  Drone x2  
  94  10:24  Overlord x3  
  82  10:51  Hydralisk  
  82  10:52  Hydralisk x12  
  80  11:43  Queen  
  80  11:44  Drone  
  80  11:45  Drone x3  
  86  11:48  Queen  
  86  11:50  Drone x3  
  86  11:52  Drone  
  86  11:53  Drone x6  
  98  12:11  Hydralisk  
  98  12:15  Zergling x12  
  101  12:16  Zergling x2  
  61  13:25  Drone x7  
  61  13:26  Drone x3  
  65  13:32  Spawning Pool  
Tags
 
Add a new tag
Caveats
  • Supply blocks, unpowered buildings, or Contaminate may cause inaccurate times.
  • Supply counts are checked every 10 seconds.